[Event "CAT-ch Open-Women 2019"]
[Site "Platja de la Pineda"]
[Date "2019.04.20"]
[Round "4.10"]
[White "Boixader Arbo, Xavier"]
[Black "Hernando Rodrigo, Julio Antonio"]
[Result "1/2-1/2"]
[ECO "A04"]
[WhiteElo "2154"]
[BlackElo "2308"]
[Annotator "ChessBase"]
[PlyCount "108"]
[EventDate "2019.04.18"]
[EventType "swiss"]
[EventCountry "ESP"]
[SourceTitle "playchess.com"]
[Source "ChessBase"]
[SourceQuality "1"]
[TimeControl "5400+30"]

1. e4 e6 2. d3 c5 3. Nf3 Nc6 4. g3 g6 5. Bg2 Bg7 6. O-O Nge7 7. c3 O-O 8. Be3 d6 9. Na3 e5 10. d4 b6 11. dxe5 dxe5 12. Nb5 Bd7 13. a4 h6 14. Qc1 a6 15. Na3 Na5 16. Qc2 Qc7 17. b4 cxb4 18. cxb4 Qxc2 19. Nxc2 Nc4 20. Rfd1 Bc6 21. Nfe1 f5 22. exf5 gxf5 23. Bxc6 Nxc6 24. b5 axb5 25. axb5 Nxe3 26. Nxe3 Nd4 27. Rxa8 Rxa8 28. N1c2 f4 29. Nxd4 exd4 30. Nf5 fxg3 31. hxg3 Rd8 32. Kf1 d3 33. Nxg7 Kxg7 34. Ke1 Rd5 35. Rb1 d2+ 36. Ke2 Kf6 37. Rd1 Rxb5 38. Rxd2 Re5+ 39. Kf3 b5 40. Rd8 Ke7 41. Rd4 Rf5+ 42. Ke3 Rf6 43. g4 Rb6 44. Rb4 Kd6 45. Kd4 Kc6 46. f4 Rb8 47. f5 Kd6 48. Rb1 b4 49. Rh1 b3 50. Rxh6+ Ke7 51. Rh1 Rb4+ 52. Kc3 Rxg4 53. Kxb3 Kf6 54. Rf1 Rg5 1/2-1/2

[Event "CAT-ch Open-Women 2019"]
[Site "Platja de la Pineda"]
[Date "2019.04.20"]
[Round "4.10"]
[White "Jul Perez, Alberto"]
[Black "Martin Perez, Laura"]
[Result "1/2-1/2"]
[ECO "A47"]
[WhiteElo "1945"]
[BlackElo "2105"]
[Annotator "ChessBase"]
[PlyCount "38"]
[EventDate "2019.04.18"]
[EventType "swiss"]
[EventCountry "ESP"]
[SourceTitle "playchess.com"]
[Source "ChessBase"]
[SourceQuality "1"]
[TimeControl "5400+30"]

1. d4 Nf6 2. Nf3 c5 3. e3 b6 4. g3 Bb7 5. Bg2 g6 6. O-O Bg7 7. c4 O-O 8. Nc3 cxd4 9. exd4 d6 10. Bg5 h6 11. Be3 Nbd7 12. Qd2 Ng4 13. Nh4 Nxe3 14. fxe3 Bxg2 15. Nxg2 Rc8 16. b3 Nf6 17. Rac1 Qd7 18. Nf4 h5 19. Qe2 Qb7 1/2-1/2

[Event "CAT-ch Open-Women 2019"]
[Site "Platja de la Pineda"]
[Date "2019.04.20"]
[Round "4.11"]
[White "Esplugas Esteve, Vicenc"]
[Black "Garcia Espelta, Josep"]
[Result "1-0"]
[ECO "E32"]
[WhiteElo "2297"]
[BlackElo "2037"]
[Annotator "ChessBase"]
[PlyCount "94"]
[EventDate "2019.04.18"]
[EventType "swiss"]
[EventCountry "ESP"]
[SourceTitle "playchess.com"]
[Source "ChessBase"]
[SourceQuality "1"]
[TimeControl "5400+30"]

1. d4 Nf6 2. c4 e6 3. Nc3 Bb4 4. Qc2 b6 5. e4 c5 6. d5 Qe7 7. Be2 d6 8. Nf3 O-O 9. Be3 Bxc3+ 10. bxc3 exd5 11. exd5 Bg4 12. O-O Nbd7 13. Rae1 Rfe8 14. h3 Bxf3 15. Bxf3 Qf8 16. Bf4 Ne5 17. Be2 Rad8 18. Bg5 Ned7 19. Bg4 Rxe1 20. Rxe1 Re8 21. Rxe8 Qxe8 22. Bf5 h6 23. Be3 Ne5 24. Qb3 g6 25. Bc2 Kg7 26. Bd1 Nh7 27. Be2 f5 28. a4 Qd8 29. Qb1 Nf6 30. Qc1 Ng8 31. g3 a5 32. Kg2 Qe8 33. Qb1 Nd7 34. Qb5 Ngf6 35. Qc6 Qe7 36. Qc7 g5 37. Bd3 Ne8 38. Qc8 Kf6 39. Bd2 Ng7 40. Qh8 Kg6 41. g4 Nf6 42. Qb8 Ne4 43. gxf5+ Kf6 44. Bc1 Ne8 45. Qc8 Nxc3 46. Bb2 {Ne4 Bc1} Ng7 47. Qb8 h5 1-0

[Event "CAT-ch Open-Women 2019"]
[Site "Platja de la Pineda"]
[Date "2019.04.20"]
[Round "4.11"]
[White "Martin Barcelo, Carles"]
[Black "Barberans Sola, Sebastia"]
[Result "1/2-1/2"]
[ECO "C01"]
[WhiteElo "2030"]
[BlackElo "1935"]
[Annotator "NA"]
[PlyCount "71"]
[EventDate "2019.04.18"]
[EventType "swiss"]
[EventCountry "ESP"]
[SourceTitle "playchess.com"]
[Source "ChessBase"]
[SourceQuality "1"]
[TimeControl "5400+30"]

1. e4 e6 2. d4 d5 3. Bd3 Nf6 4. e5 Nfd7 5. f4 c5 6. c3 Nc6 7. Nf3 Qb6 8. Bc2 Be7 9. O-O cxd4 10. cxd4 g5 11. fxg5 Ndxe5 12. Nxe5 Nxe5 13. Nc3 Nc6 14. Be3 Qxb2 15. Na4 Qa3 16. Bb3 b6 17. Qh5 O-O 18. Rae1 Ba6 19. Bc2 Bd3 20. Bc1 Bxc2 21. Bxa3 Bxa3 22. Nc3 Nxd4 23. Ne2 Bc5 24. Kh1 Bg6 25. Qg4 Nc2 26. Nf4 Bf5 27. Qh4 Nxe1 28. Rxe1 Rac8 29. Nh5 Be7 30. Ng3 Rc4 31. Qh6 Bg6 32. Nh5 Bxh5 33. Qxh5 Rf4 34. g3 Rf5 35. h4 Rc8 36. Re2 1/2-1/2

[Event "CAT-ch Open-Women 2019"]
[Site "Platja de la Pineda"]
[Date "2019.04.20"]
[Round "4.12"]
[White "Garcia Ramos, Daniel"]
[Black "Saurina Suner, Francesc Xavier"]
[Result "1-0"]
[ECO "C63"]
[WhiteElo "2286"]
[BlackElo "2012"]
[Annotator "ChessBase"]
[PlyCount "64"]
[EventDate "2019.04.18"]
[EventType "swiss"]
[EventCountry "ESP"]
[SourceTitle "playchess.com"]
[Source "ChessBase"]
[SourceQuality "1"]
[TimeControl "5400+30"]

1. e4 e5 2. Nf3 Nc6 3. Bb5 f5 4. Qe2 Qe7 5. Nc3 Nf6 6. Bxc6 bxc6 7. O-O fxe4 8. Nxe4 d5 9. Ng3 e4 10. Nd4 Qc5 11. Nb3 Qxc2 12. Qe3 Bd6 13. Nd4 Qc5 14. Ndf5 O-O 15. d4 exd3 16. Qg5 Bxf5 17. Nxf5 Ne8 18. Be3 d4 19. Nxd4 Qxg5 20. Bxg5 Be5 21. Nxc6 Bxb2 22. Rad1 Nf6 23. Rxd3 Rae8 24. Be3 Re6 25. Nxa7 Ra6 26. Rd2 Be5 27. Nb5 Ng4 28. g3 Rb8 29. Nd4 Nxe3 30. fxe3 Rd8 31. Nc6 Bd6 32. Nxd8 Bf8 1-0

[Event "CAT-ch Open-Women 2019"]
[Site "Platja de la Pineda"]
[Date "2019.04.20"]
[Round "4.12"]
[White "Gurrutxaga Telleria, Jose Luis"]
[Black "Hernando Rodrigo, Imma"]
[Result "0-1"]
[ECO "D37"]
[WhiteElo "2099"]
[BlackElo "1859"]
[Annotator "NA"]
[PlyCount "90"]
[EventDate "2019.04.18"]
[EventType "swiss"]
[EventCountry "ESP"]
[SourceTitle "playchess.com"]
[Source "ChessBase"]
[SourceQuality "1"]
[TimeControl "5400+30"]

1. d4 Nf6 2. c4 e6 3. Nf3 d5 4. Nc3 Be7 5. Bf4 c6 6. c5 O-O 7. e3 Nbd7 8. Bd3 b6 9. b4 bxc5 10. bxc5 Qa5 11. Qd2 Ba6 12. O-O Bxd3 13. Qxd3 Rfc8 14. h3 Nf8 15. Rfb1 N6d7 16. Rb7 Bxc5 17. Ng5 Be7 18. Nxh7 Nxh7 19. Rxd7 Bb4 20. Ne2 c5 21. a3 c4 22. Qb1 Qa4 23. Rb7 Ba5 24. Be5 Nf8 25. Nf4 c3 26. Qd3 Qc6 27. Rb5 Bb6 28. e4 Nd7 29. Bxg7 Kxg7 30. exd5 exd5 31. Qg3+ Kf8 32. Rxd5 Nf6 33. Rd6 Ne4 34. Ng6+ Kg7 35. Qe5+ f6 36. Qe7+ Kxg6 37. Rxc6 Re8 38. Qb4 Rad8 39. Rd1 Nd2 40. Qxc3 Bxd4 41. Qd3+ Kf7 42. Rc7+ Re7 43. Rxe7+ Kxe7 44. Qe4+ Nxe4 45. Re1 Bxf2+ 0-1

[Event "CAT-ch Open-Women 2019"]
[Site "Platja de la Pineda"]
[Date "2019.04.20"]
[Round "5.1"]
[White "Pena Morales, Hugo"]
[Black "Boixader Arbo, Xavier"]
[Result "1-0"]
[ECO "C01"]
[WhiteElo "2276"]
[BlackElo "2154"]
[Annotator "ChessBase"]
[PlyCount "113"]
[EventDate "2019.04.18"]
[EventType "swiss"]
[EventCountry "ESP"]
[SourceTitle "playchess.com"]
[Source "ChessBase"]
[SourceQuality "1"]
[TimeControl "5400+30"]

1. d4 e6 2. e4 d5 3. Nc3 Nf6 4. exd5 exd5 5. Nf3 h6 6. Bd3 Bd6 7. O-O O-O 8. Nb5 Bg4 9. h3 Bh5 10. Re1 Nc6 11. g3 Nb4 12. Nxd6 Qxd6 13. Bf4 Qb6 14. g4 Nxd3 15. Qxd3 Bg6 16. Qb3 Rfe8 17. Qxb6 cxb6 18. c3 Nd7 19. Nh4 Bh7 20. Bd6 Nf8 21. Bxf8 Kxf8 22. f3 Rxe1+ 23. Rxe1 Re8 24. Rxe8+ Kxe8 25. Ng2 Kd7 26. Nf4 Bb1 27. Nxd5 Bxa2 28. Ne3 g6 29. h4 Ke6 30. Kf2 b5 31. Kg3 a5 32. h5 b4 33. cxb4 axb4 34. g5 gxh5 35. gxh6 Kf6 36. d5 Kg6 37. d6 Be6 38. Nc4 Kxh6 39. Ne5 Kg5 40. d7 h4+ 41. Kf2 Bxd7 42. Nxd7 Kf4 43. Nc5 Ke5 44. Nxb7 Kd5 45. Na5 f5 46. Kg2 Kc5 47. Kh3 Kb5 48. Nb7 Kc4 49. Kxh4 Kb3 50. Nc5+ Kxb2 51. Nd3+ Kc3 52. Nxb4 Kxb4 53. Kg5 Kc5 54. Kxf5 Kd6 55. Kf6 Kd7 56. f4 Ke8 57. Kg7 1-0

[Event "CAT-ch Open-Women 2019"]
[Site "Platja de la Pineda"]
[Date "2019.04.20"]
[Round "5.2"]
[White "Ayats Llobera, Gerard"]
[Black "Diaz Camallonga, Carles"]
[Result "1/2-1/2"]
[ECO "A12"]
[WhiteElo "2363"]
[BlackElo "2432"]
[Annotator "ChessBase"]
[PlyCount "49"]
[EventDate "2019.04.18"]
[EventType "swiss"]
[EventCountry "ESP"]
[SourceTitle "playchess.com"]
[Source "ChessBase"]
[SourceQuality "1"]
[TimeControl "5400+30"]

1. Nf3 d5 2. g3 Nf6 3. Bg2 c6 4. b3 Bg4 5. Bb2 Nbd7 6. O-O e6 7. d3 Be7 8. h3 Bxf3 9. Bxf3 O-O 10. c4 Qc7 11. Bg2 Rfd8 12. Qc2 Rac8 13. Nd2 Nf8 14. e4 Ng6 15. Nf3 dxe4 16. dxe4 e5 17. h4 Re8 18. c5 Nd7 19. Bh3 Ngf8 20. Rfd1 Rcd8 21. b4 a5 22. a3 axb4 23. axb4 b6 24. Rac1 bxc5 25. bxc5 1/2-1/2

[Event "CAT-ch Open-Women 2019"]
[Site "Platja de la Pineda"]
[Date "2019.04.20"]
[Round "5.2"]
[White "Garcia Jimenez, Francisco Javier"]
[Black "Gonzalez Vericat, Sergio"]
[Result "1/2-1/2"]
[ECO "C01"]
[WhiteElo "2254"]
[BlackElo "2122"]
[Annotator "ChessBase"]
[PlyCount "50"]
[EventDate "2019.04.18"]
[EventType "swiss"]
[EventCountry "ESP"]
[SourceTitle "playchess.com"]
[Source "ChessBase"]
[SourceQuality "1"]
[TimeControl "5400+30"]

1. e4 e6 2. d4 d5 3. exd5 exd5 4. c4 Nf6 5. Nc3 Nc6 6. Nf3 Bg4 7. cxd5 Nxd5 8. Be2 Qd7 9. h3 Bf5 10. O-O O-O-O 11. Bb5 f6 12. Qa4 Nb6 13. Qb3 a6 14. Bxc6 Qxc6 15. Bf4 g5 16. Bg3 Be6 17. d5 Bxd5 18. Nxd5 Rxd5 19. Rac1 Rc5 20. Rcd1 Rc4 21. Nd4 Qd7 22. Rfe1 Bb4 23. Nc2 Qb5 24. Nxb4 Qxb4 25. Qe3 Kb8 1/2-1/2

[Event "CAT-ch Open-Women 2019"]
[Site "Platja de la Pineda"]
[Date "2019.04.20"]
[Round "5.3"]
[White "Bravo Barranco, Narciso"]
[Black "Jareno Badenas, Aleix"]
[Result "1/2-1/2"]
[ECO "C06"]
[WhiteElo "2252"]
[BlackElo "2055"]
[Annotator "ChessBase"]
[PlyCount "63"]
[EventDate "2019.04.18"]
[EventType "swiss"]
[EventCountry "ESP"]
[SourceTitle "playchess.com"]
[Source "ChessBase"]
[SourceQuality "1"]
[TimeControl "5400+30"]

1. e4 e6 2. d4 d5 3. Nd2 Nf6 4. e5 Nfd7 5. Bd3 c5 6. c3 Nc6 7. Ne2 cxd4 8. cxd4 f6 9. exf6 Nxf6 10. Nf3 Bd6 11. O-O O-O 12. Bd2 Qc7 13. Ng3 Bd7 14. Rc1 Qb6 15. Bc3 Nb4 16. Bb1 Bf4 17. Bd2 Bd6 18. a3 Nc6 19. Bc3 Na5 20. Ne5 Be8 21. b4 Nc4 22. Qb3 Bxe5 23. dxe5 Nh5 24. Qd1 Nxg3 25. hxg3 Nxa3 26. Bd4 Qa6 27. Rc7 Nxb1 28. Qxb1 Bc6 29. Rc1 Qe2 30. b5 Bxb5 31. Qb4 Bc6 32. Qb1 1/2-1/2

[Event "CAT-ch Open-Women 2019"]
[Site "Platja de la Pineda"]
[Date "2019.04.20"]
[Round "5.4"]
[White "Montilla Carrillo, Esteban"]
[Black "Ruiz Herrero, Victor"]
[Result "1-0"]
[ECO "E63"]
[WhiteElo "2178"]
[BlackElo "1924"]
[Annotator "ChessBase"]
[PlyCount "77"]
[EventDate "2019.04.18"]
[EventType "swiss"]
[EventCountry "ESP"]
[SourceTitle "playchess.com"]
[Source "ChessBase"]
[SourceQuality "1"]
[TimeControl "5400+30"]

1. d4 Nf6 2. Nf3 g6 3. g3 Bg7 4. Bg2 O-O 5. O-O d6 6. c4 Nc6 7. Nc3 a6 8. Re1 Rb8 9. e4 Bg4 10. h3 Bxf3 11. Bxf3 e5 12. d5 Nd4 13. Bg2 c5 14. dxc6 bxc6 15. b3 c5 16. Be3 Ne8 17. Qd2 Nc7 18. Rad1 Qe7 19. g4 f6 20. f4 Bh6 21. f5 Bxe3+ 22. Rxe3 g5 23. h4 h6 24. Rh3 Kg7 25. Kf2 Rh8 26. Rdh1 Qd7 27. R1h2 Rbg8 28. Qd1 Qc8 29. Qh1 Qb8 30. hxg5 Qb4 31. g6 Qa3 32. Qb1 Rb8 33. Rxh6 Rxh6 34. Rxh6 Nxb3 35. Rh7+ Kg8 36. Rh8+ Kg7 37. Rxb8 Na5 38. Qb2 Qxb2+ 39. Rxb2 1-0

[Event "CAT-ch Open-Women 2019"]
[Site "Platja de la Pineda"]
[Date "2019.04.20"]
[Round "5.5"]
[White "Gallego Montes, Antoni"]
[Black "Fernandez Aguilar, Francisco"]
[Result "1-0"]
[ECO "B78"]
[WhiteElo "1892"]
[BlackElo "2132"]
[Annotator "ChessBase"]
[PlyCount "59"]
[EventDate "2019.04.18"]
[EventType "swiss"]
[EventCountry "ESP"]
[SourceTitle "playchess.com"]
[Source "ChessBase"]
[SourceQuality "1"]
[TimeControl "5400+30"]

1. e4 c5 2. Nf3 d6 3. d4 cxd4 4. Nxd4 Nf6 5. Nc3 g6 6. Be3 Bg7 7. f3 O-O 8. Qd2 Nc6 9. Bc4 Bd7 10. O-O-O Rb8 11. g4 b5 12. Bb3 Na5 13. Bh6 Bxh6 14. Qxh6 b4 15. Nd5 Nxb3+ 16. Nxb3 Nxd5 17. exd5 e5 18. h4 f6 19. Nd2 Qa5 20. Kb1 Rb5 21. Ne4 Rxd5 22. g5 Rxd1+ 23. Rxd1 Qd8 24. Nxf6+ Rxf6 25. gxf6 Qxf6 26. Qg5 Qe6 27. Qd2 Bc6 28. Qxd6 Qxd6 29. Rxd6 Bxf3 30. Kc1 1-0

[Event "CAT-ch Open-Women 2019"]
[Site "Platja de la Pineda"]
[Date "2019.04.20"]
[Round "5.6"]
[White "Munoz, Miguel"]
[Black "Fernandez Diaz, Cristian"]
[Result "1-0"]
[ECO "C60"]
[WhiteElo "2509"]
[BlackElo "2237"]
[Annotator "RC"]
[PlyCount "73"]
[EventDate "2019.04.18"]
[EventType "swiss"]
[EventCountry "ESP"]
[SourceTitle "playchess.com"]
[Source "ChessBase"]
[SourceQuality "1"]
[TimeControl "5400+30"]

1. e4 e5 2. Nf3 Nc6 3. Bb5 a6 4. Ba4 Nge7 5. O-O g6 6. d4 exd4 7. Bxc6 Nxc6 8. Bg5 Be7 9. Bxe7 Qxe7 10. Nxd4 d6 11. Nc3 Be6 12. f4 O-O 13. Qd2 Qf6 14. Nxc6 bxc6 15. Rae1 Rae8 16. b3 Bc8 17. h3 Qg7 18. Qd3 c5 19. Nd5 f5 20. Qc4 Kh8 21. e5 Be6 22. Qd3 Rd8 23. Qf3 Qf7 24. Nf6 dxe5 25. fxe5 c4 26. Qe3 Qe7 27. Rf4 Qb4 28. Rh4 Rf7 29. c3 Qa5 30. Qh6 Qc5+ 31. Kh2 Qe7 32. Qxg6 Rg7 33. Qh6 cxb3 34. axb3 Rd3 35. Re3 Rd2 36. Rg3 Rd8 37. Rxg7 1-0

[Event "CAT-ch Open-Women 2019"]
[Site "Platja de la Pineda"]
[Date "2019.04.20"]
[Round "5.6"]
[White "Guerra Reig, Juan"]
[Black "Gomez Anadon, Daniel"]
[Result "0-1"]
[ECO "D35"]
[WhiteElo "1996"]
[BlackElo "2271"]
[Annotator "ChessBase"]
[PlyCount "111"]
[EventDate "2019.04.18"]
[EventType "swiss"]
[EventCountry "ESP"]
[SourceTitle "playchess.com"]
[Source "ChessBase"]
[SourceQuality "1"]
[TimeControl "5400+30"]

1. c4 e6 2. Nc3 d5 3. cxd5 exd5 4. d4 c6 5. Nf3 Nf6 6. Bf4 Bd6 7. Bxd6 Qxd6 8. e3 Bf5 9. Bd3 Bxd3 10. Qxd3 O-O 11. O-O Nbd7 12. Rfe1 Rfe8 13. e4 dxe4 14. Nxe4 Nxe4 15. Rxe4 Rxe4 16. Qxe4 Nf6 17. Qc2 Re8 18. Kf1 Qb4 19. Rd1 h6 20. Rd3 Nd5 21. a3 Qd6 22. Rd2 Nf4 23. Qf5 g6 24. Qg4 Qd5 25. h4 Qe4 26. Ne5 h5 27. Qf3 Qxf3 28. Nxf3 Rd8 29. g3 Ne6 30. Ke2 Rd5 31. Kd3 f6 32. Ke3 Kg7 33. Rd3 g5 34. hxg5 fxg5 35. Rb3 Rd7 36. Rb4 Kf6 37. Ra4 a6 38. Ne5 Re7 39. f4 gxf4+ 40. gxf4 Kf5 41. Rb4 Nxf4 42. Kf3 c5 43. dxc5 Nd5 44. Rh4 Kxe5 45. Rxh5+ Kd4 46. b4 Kc4 47. Rh6 Rc7 48. Ke4 Nc3+ 49. Ke5 Nb5 50. Rh3 Nxa3 51. Rh4+ Kb5 52. Kd6 Rc6+ 53. Kd5 Rc7 54. Rg4 Nc2 55. Kd6 Rc6+ 56. Ke5 0-1

[Event "CAT-ch Open-Women 2019"]
[Site "Platja de la Pineda"]
[Date "2019.04.20"]
[Round "5.7"]
[White "Martin Perez, Laura"]
[Black "Garcia De Blas, Esteban"]
[Result "0-1"]
[ECO "C18"]
[WhiteElo "2105"]
[BlackElo "1989"]
[Annotator "ChessBase"]
[PlyCount "102"]
[EventDate "2019.04.18"]
[EventType "swiss"]
[EventCountry "ESP"]
[SourceTitle "playchess.com"]
[Source "ChessBase"]
[SourceQuality "1"]
[TimeControl "5400+30"]

1. e4 e6 2. d4 d5 3. Nc3 Bb4 4. e5 c5 5. a3 Ba5 6. b4 cxb4 7. Nb5 Nc6 8. axb4 Bxb4+ 9. c3 Be7 10. Qg4 Kf8 11. Bd3 a6 12. Ne2 Rb8 13. Na3 b5 14. O-O Na5 15. Rb1 Qc7 16. h4 f5 17. Qh3 Nc4 18. Nc2 a5 19. g4 fxg4 20. Qxg4 b4 21. cxb4 axb4 22. Nf4 Rb6 23. Nh5 g6 24. Qf4+ Ke8 25. Ng7+ Kd8 26. Qf7 Qd7 27. Nh5 Bxh4 28. Qf8+ Kc7 29. Nf4 Qe7 30. Qxe7+ Bxe7 31. Bxc4 dxc4 32. d5 Bc5 33. d6+ Kd7 34. Ne3 Ba6 35. Bd2 c3 36. Rfc1 Nh6 37. Bxc3 bxc3 38. Rxb6 Bxb6 39. Rxc3 Rc8 40. Ra3 Bxe3 41. fxe3 Rc6 42. Nd3 Bxd3 43. Ra7+ Kd8 44. Rxh7 Rc1+ 45. Kg2 Be4+ 46. Kg3 Nf5+ 47. Kf4 Bc6 48. Rh8+ Be8 49. Kg5 Rf1 50. e4 Nd4 51. Rh7 Nc6 0-1

[Event "CAT-ch Open-Women 2019"]
[Site "Platja de la Pineda"]
[Date "2019.04.20"]
[Round "5.8"]
[White "Ventura Bolet, Alexandre"]
[Black "Valenzuela Gomez, Fernando"]
[Result "1-0"]
[ECO "E62"]
[WhiteElo "2191"]
[BlackElo "2406"]
[Annotator "ChessBase"]
[PlyCount "55"]
[EventDate "2019.04.18"]
[EventType "swiss"]
[EventCountry "ESP"]
[SourceTitle "playchess.com"]
[Source "ChessBase"]
[SourceQuality "1"]
[TimeControl "5400+30"]

1. Nf3 d6 2. d4 Nf6 3. g3 g6 4. Bg2 Bg7 5. O-O O-O 6. c4 Nc6 7. Nc3 Bd7 8. Bf4 Re8 9. d5 Na5 10. b3 c6 11. Rc1 cxd5 12. cxd5 Qb6 13. Qd3 Rec8 14. Be3 Qb4 15. Qd4 Qa3 16. Qh4 Rxc3 17. Rxc3 Nxd5 18. Rd3 Nxe3 19. fxe3 Bf6 20. Ng5 h5 21. b4 Qxa2 22. bxa5 Bg4 23. Rd4 Bxe2 24. Bd5 Qa3 25. Bxf7+ Kh8 26. Rxf6 Qc1+ 27. Kg2 exf6 28. Qf4 1-0

[Event "CAT-ch Open-Women 2019"]
[Site "Platja de la Pineda"]
[Date "2019.04.20"]
[Round "5.8"]
[White "Ros Alonso, Joana"]
[Black "Fernandez Fuentes, Fco. Javier"]
[Result "1-0"]
[ECO "B16"]
[WhiteElo "1954"]
[BlackElo "2090"]
[Annotator "NA"]
[PlyCount "101"]
[EventDate "2019.04.18"]
[EventType "swiss"]
[EventCountry "ESP"]
[SourceTitle "playchess.com"]
[Source "ChessBase"]
[SourceQuality "1"]
[TimeControl "5400+30"]

1. e4 c6 2. d4 d5 3. Nd2 dxe4 4. Nxe4 Nf6 5. Nxf6+ gxf6 6. Nf3 Bg4 7. c3 e6 8. g3 Bd6 9. Bg2 Nd7 10. O-O Qc7 11. Bh6 O-O-O 12. b4 Rhg8 13. a4 f5 14. b5 f4 15. bxc6 bxc6 16. Rb1 Rg6 17. Qd3 Qa5 18. Qc4 c5 19. Rb5 Nb6 20. Qxc5+ Bxc5 21. Rxa5 Bd6 22. Bg5 f6 23. Bh4 Rd7 24. Nd2 Rc7 25. Ne4 Be7 26. f3 Bf5 27. Rc1 Nc4 28. Rb5 a6 29. Rb3 Bxe4 30. fxe4 Bd6 31. Rcb1 fxg3 32. e5 gxh2+ 33. Kxh2 Be7 34. Rb8+ Kd7 35. R1b7 Rh6 36. Kg3 Ne3 37. Rxc7+ Kxc7 38. Rb7+ Kd8 39. Be4 Nf1+ 40. Kh3 f5 41. Rxe7 Rxh4+ 42. Kxh4 Kxe7 43. Bb7 a5 44. Kg5 Nd2 45. Bc6 h6+ 46. Kf4 Nb1 47. c4 Na3 48. Bb5 Nxb5 49. cxb5 Kd7 50. d5 exd5 51. b6 1-0

[Event "CAT-ch Open-Women 2019"]
[Site "Platja de la Pineda"]
[Date "2019.04.20"]
[Round "5.9"]
[White "Perez Mitjans, Orelvis"]
[Black "Ros Alonso, Jaume"]
[Result "1-0"]
[ECO "B40"]
[WhiteElo "2377"]
[BlackElo "2182"]
[Annotator "ChessBase"]
[PlyCount "57"]
[EventDate "2019.04.18"]
[EventType "swiss"]
[EventCountry "ESP"]
[SourceTitle "playchess.com"]
[Source "ChessBase"]
[SourceQuality "1"]
[TimeControl "5400+30"]

1. e4 c5 2. Nf3 e6 3. g3 Nc6 4. Bg2 Nf6 5. d3 Be7 6. O-O O-O 7. c3 e5 8. Na3 d5 9. Qe2 d4 10. c4 a6 11. Ne1 Rb8 12. f4 b5 13. f5 bxc4 14. Nxc4 Nd7 15. Nf3 a5 16. g4 h6 17. Qf2 Bg5 18. Bxg5 hxg5 19. h4 gxh4 20. g5 Ba6 21. b3 Bxc4 22. bxc4 Qe7 23. Bh3 Rb7 24. Qxh4 Rfb8 25. f6 Qd6 26. Bxd7 Rxd7 27. Rf2 Rdb7 28. Rh2 Rb1+ 29. Ne1 1-0

[Event "CAT-ch Open-Women 2019"]
[Site "Platja de la Pineda"]
[Date "2019.04.20"]
[Round "5.9"]
[White "Garcia Espelta, Josep"]
[Black "Guix Torres, David"]
[Result "1/2-1/2"]
[ECO "B36"]
[WhiteElo "2037"]
[BlackElo "1972"]
[Annotator "NA"]
[PlyCount "100"]
[EventDate "2019.04.18"]
[EventType "swiss"]
[EventCountry "ESP"]
[SourceTitle "playchess.com"]
[Source "ChessBase"]
[SourceQuality "1"]
[TimeControl "5400+30"]

1. e4 c5 2. Nf3 Nc6 3. d4 cxd4 4. Nxd4 g6 5. c4 Nf6 6. Nc3 Nxd4 7. Qxd4 d6 8. Be3 Bg7 9. Be2 O-O 10. Qd2 Be6 11. Rc1 Qa5 12. b3 Rfc8 13. f3 a6 14. Nd5 Qxd2+ 15. Kxd2 Nxd5 16. cxd5 Bd7 17. Rxc8+ Rxc8 18. Rc1 Rxc1 19. Kxc1 Kf8 20. Bb6 e6 21. Kc2 Ke7 22. a4 exd5 23. exd5 Bf5+ 24. Bd3 Bxd3+ 25. Kxd3 Kd7 26. g4 Be5 27. h3 Bg3 28. Ke4 Be5 29. f4 Bb2 30. Be3 Ba1 31. f5 Be5 32. h4 Bg3 33. h5 Be5 34. Bf2 Bf6 35. fxg6 fxg6 36. Bg3 Bb2 37. Bf4 Bf6 38. Be3 Be5 39. Bd4 Bxd4 40. Kxd4 gxh5 41. gxh5 Ke7 42. Ke4 Kf6 43. a5 Kg5 44. h6 Kg4 45. Ke3 Kf5 46. Kf3 Kg5 47. Ke4 Kg4 48. Ke3 Kf5 49. Kf3 Kg5 50. Ke4 Kg4 1/2-1/2

[Event "CAT-ch Open-Women 2019"]
[Site "Platja de la Pineda"]
[Date "2019.04.20"]
[Round "5.10"]
[White "Campos Cayuelas, Adria"]
[Black "Barbero Sendic, Alejandro"]
[Result "1/2-1/2"]
[ECO "C13"]
[WhiteElo "2162"]
[BlackElo "2361"]
[Annotator "ChessBase"]
[PlyCount "54"]
[EventDate "2019.04.18"]
[EventType "swiss"]
[EventCountry "ESP"]
[SourceTitle "playchess.com"]
[Source "ChessBase"]
[SourceQuality "1"]
[TimeControl "5400+30"]

1. e4 e6 2. d4 d5 3. Nc3 Nf6 4. Bg5 dxe4 5. Nxe4 Be7 6. Bxf6 Bxf6 7. Nf3 Nd7 8. Bd3 c5 9. Nxf6+ Nxf6 10. O-O Qb6 11. dxc5 Qxc5 12. Re1 O-O 13. Ne5 b6 14. Qf3 Rb8 15. Qe3 Qxe3 16. Rxe3 Bb7 17. Rd1 Rfd8 18. Ree1 g5 19. Be2 Rxd1 20. Rxd1 Rc8 21. c3 Kg7 22. Bf3 Bd5 23. Bxd5 Nxd5 24. c4 Nf6 25. b3 Rc7 26. Kf1 Ne4 27. Rd7 Rxd7 1/2-1/2

[Event "CAT-ch Open-Women 2019"]
[Site "Platja de la Pineda"]
[Date "2019.04.20"]
[Round "5.10"]
[White "Biosca Caballe, Nestor"]
[Black "Martin Barcelo, Carles"]
[Result "0-1"]
[ECO "C01"]
[WhiteElo "1864"]
[BlackElo "2030"]
[Annotator "NA"]
[PlyCount "50"]
[EventDate "2019.04.18"]
[EventType "swiss"]
[EventCountry "ESP"]
[SourceTitle "playchess.com"]
[Source "ChessBase"]
[SourceQuality "1"]
[TimeControl "5400+30"]

1. e4 e6 2. d4 d5 3. Bd3 dxe4 4. Bxe4 Nf6 5. Bf3 c5 6. Ne2 Nc6 7. Be3 cxd4 8. Bxc6+ bxc6 9. Nxd4 Qc7 10. O-O Bd6 11. g3 O-O 12. Nc3 Bb7 13. Bg5 Nd7 14. f3 Bxg3 15. f4 c5 16. Ncb5 Qb6 17. hxg3 cxd4 18. Nxd4 f6 19. Kh2 fxg5 20. Qg4 Qxd4 21. Qxe6+ Rf7 22. Rad1 Qe4 23. Qxe4 Bxe4 24. Rd4 Bxc2 25. Rc1 Bf5 0-1

[Event "CAT-ch Open-Women 2019"]
[Site "Platja de la Pineda"]
[Date "2019.04.20"]
[Round "5.11"]
[White "Herrera Reyes, Jose Antonio"]
[Black "Del Amo Carbo, Jordi"]
[Result "1/2-1/2"]
[ECO "A08"]
[WhiteElo "2355"]
[BlackElo "2175"]
[Annotator "ChessBase"]
[PlyCount "155"]
[EventDate "2019.04.18"]
[EventType "swiss"]
[EventCountry "ESP"]
[SourceTitle "playchess.com"]
[Source "ChessBase"]
[SourceQuality "1"]
[TimeControl "5400+30"]

1. Nf3 Nf6 2. g3 d5 3. Bg2 e6 4. d3 Be7 5. O-O O-O 6. c3 c5 7. a3 Nc6 8. b4 b6 9. Nbd2 Bb7 10. Bb2 Rc8 11. Qb3 Qc7 12. Rac1 Rfd8 13. Rfe1 Nb8 14. Qa2 Bf8 15. e3 Qe7 16. bxc5 bxc5 17. c4 dxc4 18. dxc4 Ne4 19. Nb3 Nd7 20. a4 Ba8 21. Ba3 Ndf6 22. Qc2 Qd7 23. Ne5 Qxa4 24. Ra1 Rd2 25. Bc1 Rxc2 26. Rxa4 Bd6 27. Nf3 Bb8 28. Nfd2 Nxd2 29. Nxd2 Bxg2 30. Kxg2 Rd8 31. Ra5 Rc8 32. Kf3 Kf8 33. Rd1 Ke8 34. Ke2 Be5 35. Rxa7 Rd8 36. f3 Bc3 37. Rc7 Rxc1 38. Rxc1 Rxd2+ 39. Kf1 Bb4 40. Ra1 Rd7 41. Rxd7 Nxd7 42. Ra8+ Ke7 43. Ra7 Kd6 44. Ke2 Bc3 45. Kd3 Bf6 46. f4 g5 47. e4 gxf4 48. gxf4 Bd4 49. e5+ Ke7 50. Ke4 f6 51. exf6+ Bxf6 52. f5 exf5+ 53. Kxf5 Bd4 54. Ra6 Kf7 55. h4 Be3 56. h5 h6 57. Rd6 Nf8 58. Ke4 Bg5 59. Rc6 Nd7 60. Kf5 Ke7 61. Ra6 Kf7 62. Ra5 Ke7 63. Ra6 Kf7 64. Ra1 Ke7 65. Rd1 Nb6 66. Re1+ Kd7 67. Re4 Nc8 68. Kg6 Ne7+ 69. Kf7 Nc6 70. Re2 Nd8+ 71. Kg6 Ne6 72. Re5 Kd6 73. Rd5+ Kc6 74. Kf7 Nd8+ 75. Kg6 Ne6 76. Kf7 Nd8+ 77. Kg6 Ne6 78. Kf7 1/2-1/2